 Dungeon Crawl Stone Soup version 0.23.2-40-g277498a001 (webtiles) character file.

Game seed: 6481404710467867961

37191 OrcJesus the Ripper (level 13, -7/100 HPs)
             Began as a Felid Berserker on Aug 25, 2019.
             Was the Champion of Trog.
             Mangled by an orc warrior
             ... wielding a +0 trident
             ... led by an orc knight
              (36 damage)
             ... on level 14 of the Dungeon.
             The game lasted 01:38:07 (28360 turns).

OrcJesus the Ripper (Felid Berserker)              Turns: 28360, Time: 01:38:07

Health: -7/100     AC:  3    Str: 23    XL:     13   Next: 57%
Magic:  14/14      EV: 35    Int: 10    God:    Trog [******]
Gold:   2183       SH:  0    Dex: 21    Spells: 12/12 levels left
                                        Lives:  0   Deaths: 4

rFire    . . .     SeeInvis +     - Unarmed
rCold    + . .     Gourm    .   (shield unavailable)
rNeg     . . .     Faith    .   (armour unavailable)
rPois    .         Spirit   .   (helmet unavailable)
rElec    .         Reflect  .   (cloak unavailable)
rCorr    .         Harm     .   (gloves unavailable)
MR       +....                  (boots unavailable)
Stlth    ..........             N - amulet of rage
HPRegen  0.26/turn              H - +3 ring of evasion
MPRegen  0.14/turn              I - +5 ring of strength

@: berserking, very quick
A: very small, no armour, no weapons or thrown items, stealth, claws 1, fangs 3,
see invisible, carnivore, speed 1, shaggy fur 3, slow metabolism 1, sharp paws
a: Berserk, Trog's Hand, Brothers in Arms, Renounce Religion, Evoke Berserk Rage


You were on level 14 of the Dungeon.
You worshipped Trog.
Trog was exalted by your worship.
You were very full.

You visited 3 branches of the dungeon, and saw 22 of its levels.
You also visited: Ossuary and Ice Cave.

You collected 2207 gold pieces.
You spent 24 gold pieces at shops.

Inventory:

Jewellery
 p - an uncursed ring of ice
 y - an uncursed ring of flight
 H - a +3 ring of evasion (left paw)
 I - a +5 ring of strength (right paw)
 N - an amulet of rage (around neck)
 R - an uncursed ring of protection from cold
Wands
 r - a wand of enslavement (7)
 B - a wand of digging (9)
 E - a wand of random effects (14)
 G - a wand of flame (44)
 J - a wand of polymorph (34)
 O - a wand of disintegration (9)
 Q - a wand of paralysis (7)
 T - a wand of acid (10)
Scrolls
 b - 11 scrolls of teleportation
 e - 6 scrolls of blinking
 f - a scroll of summoning {unknown}
 k - 3 scrolls of magic mapping
 m - 4 scrolls of fear
 o - 6 scrolls of immolation
 u - 2 scrolls of amnesia
 v - 4 scrolls of remove curse
 w - 2 scrolls of fog
 K - 3 scrolls of vulnerability
 M - a scroll of torment
 S - a scroll of holy word {unknown}
Potions
 c - 3 potions of flight
 d - 15 potions of curing
 h - 2 potions of haste
 j - 3 potions of ambrosia {unknown}
 l - 4 potions of berserk rage {unknown}
 n - 5 potions of mutation {unknown}
 q - a potion of invisibility
 s - 2 potions of agility
 t - 8 potions of brilliance {unknown}
 x - 2 potions of resistance
 z - a potion of magic
 A - a potion of cancellation
 C - a potion of heal wounds
 D - 3 potions of might
 F - 4 potions of lignification
Miscellaneous
 L - 2 boxes of beasts
 P - a crystal ball of energy
Comestibles
 a - 32 rations


   Skills:
 + Level 14.0 Fighting
 + Level 14.3 Dodging
 + Level 15.1 Stealth
 * Level 17.9 Unarmed Combat


You had 12 spell levels left.
You didn't know any spells.
Your spell library contained the following spells:

 Spells                   Type           Power        Failure   Level  Hunger
 Flame Tongue             Conj/Fire      #....        36%         1    ##.....
 Sandblast                Erth           #.....       36%         1    ##.....
 Passwall                 Tmut/Erth      #.......     50%         2    ###....
 Throw Flame              Conj/Fire      #.....       50%         2    ###....
 Conjure Flame            Conj/Fire      #.......     75%         3    ####...
 Ignite Poison            Fire/Tmut/Pois #.......     75%         3    ####...
 Inner Flame              Hex/Fire       #.......     75%         3    ####...
 Stone Arrow              Conj/Erth      #.....       75%         3    ####...
 Petrify                  Tmut/Erth      #.......     98%         4    #####..
 Sticky Flame             Conj/Fire      #.......     98%         4    #####..
 Fireball                 Conj/Fire      #.........   100%        5    ######.
 Lee's Rapid Deconstruct  Erth           #.........   100%        5    ######.
 Bolt of Fire             Conj/Fire      #.........   100%        6    #######
 Ring of Flames           Chrm/Fire      #.........   100%        7    #######
 Ignition                 Fire           #.........   100%        8    #######


Dungeon Overview and Level Annotations

Branches:
Dungeon (14/15)            Temple (0/1) D:7            Lair (6/6) D:11
 Shoals (0/4) Lair:3        Snake (0/4) Lair:3        Slime (0/5) Lair:5
    Orc (2/2) D:12            Elf (0/3) Orc:2        Vaults (0/5) D:14

Altars:
Dithmenos
Elyvilon
Fedhas
Gozag
Kikubaaqudgha
Makhleb
Nemelex Xobeh
Ru
Trog
Uskayaw
Xom

Shops:
D:5 (   D:7 (   D:11 *   Orc:2 %:(%

Annotations:
Lair:6 dire elephants, exclusion: 3 doors


Innate Abilities, Weirdness & Mutations

You cannot wear armour.
You are incapable of wielding weapons or throwing items.
Your paws allow you to move quietly. (Stealth)
You have sharp claws.
You have razor-sharp teeth.
You have supernaturally acute eyesight. (SInv)
You are carnivorous and can eat meat at any time.
You cover ground quickly.
Your thick and shaggy fur keeps you warm. (AC +3, rC+)
You have a slow metabolism.
Your sharp claws are effective at attacking unaware monsters.


Message History

The orc knight is lightly wounded.
You claw the orc knight!
The orc knight is moderately wounded.
The orc warrior completely misses you. The orc knight closely misses you.
The orc wizard completely misses you.
You scratch the orc knight.
The orc knight is heavily wounded.
You mangle the orc knight!! Your claw misses the orc knight.
The orc knight is almost dead.
The orc warrior completely misses you.
You barely miss the orc knight.
The orc knight is almost dead.
The orc wizard barely misses you. The orc knight closely misses you.
You claw the orc knight!
You kill the orc knight!
Trog accepts your kill.
You claw the orc warrior! x2
The orc warrior is severely wounded.
The orc warrior hits you with a +0 trident!!!
You die...

#.# ######..
#.# ##.#..
#.# ##.....
#.# ##......
#.# #.......
#.##########
########
#...).......
#.#.)o#...#.
#..)@o......
###..)#...#.
#..........
###########


You could see an orc warrior and an orc wizard.

Vanquished Creatures
  A frost giant (IceCv)
  An orc warlord (Orc:1)
  A very ugly thing (D:13)
  Azrael (D:13)
  An ettin (D:13)
  7 vault guards (D:14)
  Erolcha (D:9)
  A catoblepas (Lair:5)
  3 hydras
  12 two-headed ogres
  An anaconda (shapeshifter) (D:9)
  2 ogre magi (Orc:2)
  A dancing weapon (D:13)
  A tengu warrior (D:14)
  2 death yaks (IceCv)
  An orc high priest (Orc:1)
  The ghost of havocjr3 the Magician, a novice GnSk of Vehumet (D:8)
  An unseen horror (D:11)
  A glowing orange brain (D:13)
  An orc knight (D:14)
  2 deep trolls (Orc:2)
  The ghost of FishyPogo the Firebug, a novice NaFE of Makhleb (D:6)
  An orc sorcerer (Orc:1)
  A deep elf mage (D:12)
  Pikel (D:9)
  2 cyclopes (Orc:2)
  2 ugly things (D:13)
  4 manticores
  3 black mambas
  8 elephants
  An ice statue (IceCv)
  A torpor snail (Lair:6)
  12 spiny frogs
  3 gargoyles
  2 komodo dragons
  A kobold demonologist (D:13)
  2 rime drakes
  3 efreet
  10 trolls
  13 polar bears
  10 slime creatures
  3 hornets
  9 blink frogs
  9 hippogriffs
  7 dream sheep (Lair:5)
  A meliai zombie (D:11)
  2 shadows
  A spriggan (D:7)
  A tarantella (shapeshifter) (D:13)
  2 wraiths
  3 wyverns
  Eustachio (D:6)
  3 fire elementals
  43 yaks
  Grum (D:9)
  A vampire mosquito (D:9)
  2 chaos spawn (D:14)
  3 hungry ghosts
  Edmund (D:6)
  4 nagas (Lair:3)
  4 wargs
  2 acid dragons
  A hell hound (D:13)
  6 porcupines
  12 water moccasins
  3 sky beasts
  14 orc warriors
  4 ice beasts
  32 ogres
  3 eyes of draining
  4 black bears
  31 wolves
  2 centaurs
  4 phantoms
  7 crocodiles
  20 bullfrogs
  2 gnoll sergeants
  A wyvern skeleton (D:6)
  3 scorpions
  24 killer bees
  10 wights
  2 howler monkeys
  6 crimson imps
  A bullfrog zombie (Ossuary)
  5 centaur zombies
  4 hounds
  4 jellies
  12 orc priests
  2 iguanas
  23 orc wizards
  3 bullfrog skeletons
  3 centaur skeletons
  12 worker ants
  2 killer bee zombies
  2 hound zombies (Ossuary)
  12 mummies (Ossuary)
  3 hound skeletons
  6 worker ant zombies
  Robin (D:4)
  A howler monkey skeleton (D:7)
  8 gnolls
  13 adders
  2 shadow imps
  3 oozes
  4 adder zombies
  2 adder skeletons (D:5)
  5 worms
  3 dart slugs
  9 leopard geckos
  54 orcs
  A ball python (D:4)
  2 bat skeletons (D:2)
  4 giant cockroaches
  13 goblins
  9 hobgoblins
  9 jackals
  9 quokkas
  7 bats
  7 frilled lizards
  A giant cockroach zombie (Ossuary)
  A jackal skeleton (D:2)
  7 kobolds
  A leopard gecko skeleton (D:4)
  A leopard gecko zombie (Ossuary)
  3 quokka skeletons
  3 quokka zombies
  9 rats
  5 fungi
  9 plants (D:11)
718 creatures vanquished.

Vanquished Creatures (collateral kills)
  Rupert (Lair:3)
  2 trolls (Orc:1)
  6 orc warriors (Orc:1)
  An orc wizard (Orc:1)
  A gnoll (Orc:1)
  4 orcs (Orc:1)
15 creatures vanquished.

Vanquished Creatures (others)
  A polar bear (IceCv)
  2 orcs
  8 fungi
  2 plants (Lair:6)
  3 withered plants (Ossuary)
16 creatures vanquished.

Grand Total: 749 creatures vanquished

Notes
Turn   | Place    | Note
-------+----------+-------------------------------------------
     0 | D:1      | OrcJesus the Felid Berserker began the quest for the Orb.
     0 | D:1      | Reached XP level 1. HP: 10/10 MP: 2/2
   127 | D:1      | Reached skill level 1 in Stealth
   354 | D:1      | Reached XP level 2. HP: 14/14 MP: 3/3
   684 | D:1      | Reached XP level 3. HP: 17/17 MP: 4/4
   872 | D:2      | Reached ** piety under Trog
   977 | D:2      | Reached XP level 4. HP: 21/21 MP: 5/5
  1667 | D:2      | Reached XP level 5. HP: 25/25 MP: 6/6
  1995 | D:2      | Reached skill level 4 in Unarmed Combat
  2187 | D:3      | Reached *** piety under Trog
  2810 | D:4      | Noticed Robin
  2817 | D:4      | Killed Robin
  2828 | D:4      | Slain by a goblin
  2829 | D:4      | Reached XP level 4. HP: -2/33 MP: 5/5
  2829 | D:4      | Found a hide-covered altar of Uskayaw.
  2838 | D:4      | Reached skill level 5 in Dodging
  2844 | D:4      | Reached XP level 5. HP: 25/25 MP: 6/6
  2938 | D:4      | Found a sparkling altar of Nemelex Xobeh.
  3176 | D:4      | Found a sand-covered staircase.
  3183 | Ossuary  | Entered an ossuary
  3345 | Ossuary  | Gained mutation: You are covered in thick fur. (AC +2)
                  | [Felid growth]
  3345 | Ossuary  | Reached XP level 6. HP: 29/29 MP: 7/7
  3349 | Ossuary  | Reached **** piety under Trog
  3513 | Ossuary  | Reached skill level 5 in Unarmed Combat
  3731 | Ossuary  | Reached skill level 5 in Fighting
  3741 | Ossuary  | Reached skill level 5 in Stealth
  4193 | Ossuary  | Reached XP level 7. HP: 33/33 MP: 8/8
  5024 | D:4      | Reached skill level 6 in Unarmed Combat
  5478 | D:5      | Entered Level 5 of the Dungeon
  5646 | D:5      | Reached XP level 8. HP: 37/38 MP: 9/9
  5671 | D:5      | Demolished by an ogre
  5672 | D:5      | Reached XP level 7. HP: -14/34 MP: 8/8
  5776 | D:5      | Reached skill level 7 in Unarmed Combat
  5776 | D:5      | Reached XP level 8. HP: 23/39 MP: 9/9
  6006 | D:5      | Reached ***** piety under Trog
  6042 | D:5      | Found a bloodstained altar of Trog.
  6279 | D:5      | Found a burning altar of Makhleb.
  6412 | D:5      | Found Gunus's Antique Weapon Shop.
  6496 | D:6      | Noticed Eustachio
  6505 | D:6      | Killed Eustachio
  6595 | D:6      | Noticed Edmund
  6605 | D:6      | Killed Edmund
  6978 | D:5      | Reached skill level 8 in Unarmed Combat
  7270 | D:6      | Reached XP level 9. HP: 26/44 MP: 10/10
  7374 | D:6      | Reached skill level 10 in Fighting
  7374 | D:6      | Reached skill level 12 in Unarmed Combat
  7374 | D:6      | Reached XP level 10. HP: 38/51 MP: 11/11
  7484 | D:6      | Found a runed translucent door.
  7484 | D:6      | Noticed FishyPogo's ghost (novice NaFE)
  7502 | D:6      | Killed FishyPogo's ghost
  8130 | D:6      | Found a shimmering altar of Xom.
  8237 | D:7      | Found an opulent altar of Gozag.
  8271 | D:7      | Found Lomurrog's Antique Weapon Shop.
  8954 | D:7      | Found a staircase to the Ecumenical Temple.
  8965 | D:7      | Found an ancient bone altar of Kikubaaqudgha.
  9814 | D:8      | Reached skill level 13 in Unarmed Combat
  9983 | D:8      | Noticed a two-headed ogre
  9995 | D:8      | Killed a two-headed ogre
 10075 | D:8      | Reached XP level 11. HP: 55/55 MP: 12/12
 10138 | D:8      | Found a transporter.
 10138 | D:8      | Noticed havocjr3's ghost (novice GnSk)
 10140 | D:8      | Found a transporter.
 10141 | D:8      | Identified the +4 dire flail "Qitep" {flame, Str+2 Dex+2
                  | SInv}
 10161 | D:8      | Killed havocjr3's ghost
 10166 | D:8      | Reached ****** piety under Trog
 10260 | D:8      | Found a sacrificial altar of Ru.
 10978 | D:9      | Noticed Grum
 11106 | D:9      | Noticed Erolcha
 11115 | D:9      | Killed Erolcha
 11201 | D:9      | Found a blossoming altar of Fedhas.
 11201 | D:9      | Found an ancient bone altar of Kikubaaqudgha.
 11350 | D:9      | Killed Grum
 11598 | D:9      | Noticed an anaconda
 11608 | D:9      | Killed an anaconda
 11870 | D:9      | Noticed Pikel
 11884 | D:9      | Killed Pikel
 12088 | D:10     | Entered Level 10 of the Dungeon
 12413 | D:10     | HP: 2/55 [poisoned by an orc warrior]
 12418 | D:10     | HP: 2/55 [poisoned by an orc warrior]
 12423 | D:10     | HP: 1/55 [poisoned by an orc warrior]
 13061 | D:10     | Reached skill level 14 in Unarmed Combat
 13413 | D:11     | Noticed a two-headed ogre
 13423 | D:11     | Killed a two-headed ogre
 13507 | D:11     | Found a staircase to the Lair.
 13545 | D:11     | Gained mutation: Your thick and shaggy fur keeps you warm.
                  | (AC +3, rC+) [Felid growth]
 13545 | D:11     | Reached XP level 12. HP: 60/60 MP: 13/13
 13613 | D:11     | Noticed a two-headed ogre
 13623 | D:11     | Killed a two-headed ogre
 13633 | D:11     | Found Beidyp's Assorted Antiques.
 13640 | D:11     | Bought a puce potion for 24 gold pieces
 13677 | D:11     | Reached skill level 10 in Stealth
 14128 | Lair:1   | Entered Level 1 of the Lair of Beasts
 14135 | Lair:1   | Reached skill level 10 in Dodging
 14381 | Lair:1   | Noticed a seven-headed hydra
 14388 | Lair:1   | Killed a seven-headed hydra
 15586 | Lair:3   | Reached skill level 15 in Unarmed Combat
 16298 | Lair:3   | Found a staircase to the Snake Pit.
 16424 | Lair:3   | Found a staircase to the Shoals.
 16435 | Lair:3   | Reached XP level 13. HP: 55/64 MP: 14/14
 16837 | Lair:3   | Noticed Rupert
 16839 | Lair:3   | Paralysed by Rupert for 4 turns
 16842 | Lair:3   | Killed Rupert
 19020 | Lair:5   | Found a staircase to the Slime Pits.
 19156 | Lair:6   | Entered Level 6 of the Lair of Beasts
 19210 | Lair:6   | Found a frozen archway.
 19219 | IceCv    | Entered an ice cave
 19239 | IceCv    | Reached skill level 16 in Unarmed Combat
 19686 | IceCv    | Found the +10 large shield of Ignorance {rN+ Int-4}
 20937 | IceCv    | Noticed a frost giant
 20955 | IceCv    | Reached XP level 14. HP: 67/69 MP: 15/15
 20963 | IceCv    | Killed a frost giant
 22978 | D:12     | Found a staircase to the Orcish Mines.
 23078 | D:12     | Found a white marble altar of Elyvilon.
 23489 | Orc:1    | Entered Level 1 of the Orcish Mines
 23690 | Orc:2    | Entered Level 2 of the Orcish Mines
 23929 | Orc:2    | Found Edaadaw's Book Shop.
 23929 | Orc:2    | Found Aruracs's Food Shop.
 23965 | Orc:2    | Reached skill level 17 in Unarmed Combat
 24787 | Orc:2    | Found Fudumet's Food Shoppe.
 24800 | Orc:2    | Found Ulaod's Antique Weapon Boutique.
 25041 | Orc:2    | Found a staircase to the Elven Halls.
 25132 | Orc:1    | Noticed an orc warlord
 25698 | Orc:1    | Killed an orc warlord
 26178 | D:13     | Noticed Azrael
 26432 | D:13     | Reached XP level 15. HP: 75/75 MP: 16/16
 26527 | D:13     | Killed Azrael
 26718 | D:13     | Found a large runed translucent door.
 26718 | D:13     | Found a large runed translucent door.
 26756 | D:13     | Slain by a manticore
 26757 | D:13     | Reached XP level 14. HP: -3/71 MP: 15/15
 26993 | D:13     | Found a shadowy altar of Dithmenos.
 27005 | D:13     | Found a blossoming altar of Fedhas.
 27594 | D:14     | Found the +7 mace of Variability {chain chaos}
 27597 | D:14     | Found a shimmering altar of Xom.
 27704 | D:14     | Found a gate to the Vaults.
 27735 | D:14     | Mangled by a vault guard
 27736 | D:14     | Reached XP level 13. HP: -13/67 MP: 14/14
 27762 | D:14     | Reached skill level 15 in Stealth
 28360 | D:14     | Mangled by an orc warrior

Skill      XL: |  1  2  3  4  5  6  7  8  9 10 11 12 13 14 |
---------------+-------------------------------------------+-----
Stealth        | 2 3 4 5 6 7 9 11 15 14 | 15.1
Fighting       | 4 5 6 7 10 11 12 14 13 | 14.0
Unarmed Combat | 4 5 7 8 12 13 14 15 16 17 | 17.9
Dodging        | 5 7 9 11 12 14 | 14.3

Action                   |  1- 3 |  4- 6 |  7- 9 | 10-12 | 13-15 || total
-------------------------+-------+-------+-------+-------+-------++-------
Melee: Unarmed           |    60 |   203 |   271 |   624 |   896 ||  2054
       Bite              |     4 |    20 |    26 |    97 |   156 ||   303
       Punch             |     1 |     4 |     5 |    47 |    99 ||   156
Invok: Berserk           |     6 |    15 |    13 |    26 |    31 ||    91
       Trog's Hand       |     1 |       |       |       |     1 ||     2
       Brothers in Arms  |       |       |       |       |     3 ||     3
 Abil: Evoke Flight      |       |       |     1 |       |     1 ||     2
  Use: Scroll            |       |       |     7 |     9 |    12 ||    28
       Potion            |       |       |     1 |       |     4 ||     5
 Stab: Sleeping          |    11 |    11 |    10 |    52 |    21 ||   105
       Distracted        |       |     4 |       |     4 |     6 ||    14
       Petrifying        |       |       |       |       |     2 ||     2
       Petrified         |       |       |       |       |     2 ||     2
  Eat: Chunk             |     8 |    21 |    26 |    45 |    58 ||   158
       Ration            |       |       |     2 |       |       ||     2
Armor: Skin              |     7 |     7 |    11 |    16 |    16 ||    57
Dodge: Dodged            |    86 |   174 |   198 |   438 |   790 ||  1686
